 Dungeon Crawl Stone Soup version 0.27-a0-951-gae3e1deef5 (webtiles) character file.

Game seed: 6452413762363245504

483 Alarkh the Insei (level 6, -3/48 HPs)
             Began as a Demonspawn Transmuter on Apr 11, 2021.
             Killed by nerve-wracking pain
             ... invoked by a shadow imp
              (14 damage)
             ... on level 3 of the Dungeon.
             The game lasted 00:06:03 (3060 turns).

Alarkh the Insei (Demonspawn Transmuter)            Turns: 3060, Time: 00:06:04

Health: -3/48      AC:  2    Str: 10    XL:     6   Next: 88%
Magic:  7/9        EV: 12    Int: 17    God:
Gold:   132        SH:  0    Dex: 15    Spells: 5/9 levels left

rFire    . . .     SeeInvis .     - Unarmed
rCold    . . .     Faith    .   (no shield)
rNeg     . . .     Spirit   .   a - +0 robe
rPois    .         Reflect  .   (no helmet)
rElec    .         Harm     .   (no cloak)
rCorr    .         Rampage  .   (no gloves)
Will     .....                  (no boots)
Stlth    ++........             (no amulet)
HPRegen  0.16/turn              (no ring)
MPRegen  0.11/turn              (no ring)

@: slowed, very slow
A: thin skeletal structure 1, demonic guardian 2, powered by death 1
a: no special abilities


You were on level 3 of the Dungeon.
You visited 1 branch of the dungeon, and saw 3 of its levels.
You also visited: Sewer.

You collected 132 gold pieces.

Inventory:

Missiles
 g - 2 poisoned darts
Armour
 a - a +0 robe (worn)
Magical Staves
 f - a staff of conjuration
Jewellery
 e - a +4 ring of protection
Scrolls
 b - 4 scrolls of teleportation
 c - a scroll of identify
Potions
 d - 2 potions of flight
 h - a potion of curing
 i - a potion of might {unknown}


   Skills:
 + Level 4.1 Fighting
 - Level 1.7 Dodging
 * Level 6.1 Unarmed Combat
 - Level 2.0 Spellcasting
 - Level 1.7 Transmutations


You had 5 spell levels left.
You knew the following spells:

 Your Spells              Type           Power      Damage    Failure   Level
a - Beastly Appendage     Tmut           14%        N/A       10%         1
b - Spider Form           Tmut/Pois      2%         N/A       38%         3

Your spell library contained the following spells:

 Spells                   Type           Power      Damage    Failure   Level
 Wereblood                Tmut           7%         N/A       14%         2
 Ice Form                 Ice/Tmut       4%         N/A       80%         4
 Hydra Form               Tmut           3%         N/A       95%         5


Dungeon Overview and Level Annotations

Branches:
Dungeon (3/15)              Sewer (visited)

Altars:

Annotations:
D:3 3 runed translucent doors, Crazy Yiuf; melvinkitnick's ghost, amateur OpFE


Innate Abilities, Weirdness & Mutations

You have a somewhat thin skeletal structure. (Dex +2, Stealth)
A demonic guardian rushes to your aid.
You regenerate a little health from kills.


Message History

The giant cockroach is severely wounded.
You kill the giant cockroach!
You bite the hornet!
The hornet is poisoned.
The hornet is moderately wounded.
The shadow imp shouts, "Flee, thou jarring tickle-brained dingleberry!"
The hornet closely misses you.
You closely miss the hornet.
The hornet is heavily wounded.
The hornet stings you!
You suddenly lose the ability to move!
The hornet stings you!
You are poisoned.
You feel yourself slow down. The hornet stings you!
You feel as though you will be slow longer.
You feel very sick. The hornet barely misses you.
You can move again.
It was a potion of curing.
You feel better. The hornet stings you!
* * * LOW HITPOINT WARNING * * *
You feel as though you will be slow longer.
The hornet completely misses you.
The shadow imp shouts, "Fly, thou canting common-kissing pumpion!"
The hornet barely misses you.
You barely miss the hornet.
The hornet is almost dead.
You kill the hornet!
The shadow imp barely misses you.
Your Fighting skill increases to level 4!
Your Unarmed Combat skill increases to level 6!
Okay, then.
You hit the shadow imp.
The shadow imp is poisoned.
The shadow imp is moderately wounded.
The shadow imp completely misses you.
You hit the shadow imp.
The shadow imp is severely wounded.
Your transformation has ended.
Your +0 robe unmelds from your body.
The shadow imp completely misses you. The shadow imp barely misses you.
The shadow imp gestures at you. Pain shoots through your body!
You die...

..........
#[[$#+##.....#
....##..## #...#
###...# ..#....##
#...# #†##..#
######.+ #...#
#(.'..# # #...#
#.##..# #[..#
###..## ..#
#:w.####...##
#....##5##....###
#....@..####
#.####### .. ##


You could see a worm and a shadow imp (very poisoned).

Vanquished Creatures
  A hornet (D:3)
  A kobold brigand (Sewer)
  An orc priest (D:3)
  4 adders
  3 river rats
  A worm (D:3)
  5 orcs (D:3)
  7 endoplasms
  3 giant cockroaches
  9 goblins
  7 hobgoblins
  9 jackals
  12 kobolds
  2 quokkas (D:1)
  A ball python (D:1)
  5 bats
  2 frilled lizards (D:2)
  14 rats
87 creatures vanquished.

Vanquished Creatures (collateral kills)
  An orc wizard (D:3)
  An orc (D:3)
2 creatures vanquished.

Grand Total: 89 creatures vanquished

Notes
Turn   | Place    | Note
-------+----------+-------------------------------------------
     0 | D:1      | Alarkh the Demonspawn Transmuter began the quest for the
                  | Orb.
     0 | D:1      | Reached XP level 1. HP: 15/15 MP: 3/3
    12 | D:1      | Found a faded altar of an unknown god.
   199 | D:1      | Reached skill level 3 in Unarmed Combat
   225 | D:1      | Gained mutation: You regenerate a little health from kills.
                  | [demonic ancestry]
   225 | D:1      | Reached XP level 2. HP: 18/21 MP: 3/5
   545 | D:1      | Gained mutation: A weak demonic guardian rushes to your
                  | aid. [demonic ancestry]
   545 | D:1      | Reached XP level 3. HP: 26/27 MP: 6/6
   822 | D:1      | Learned a level 3 spell: Spider Form
  1163 | D:2      | Reached skill level 4 in Unarmed Combat
  1163 | D:2      | Gained mutation: You have a somewhat thin skeletal
                  | structure. (Dex +2, Stealth) [demonic ancestry]
  1163 | D:2      | Reached XP level 4. HP: 29/33 MP: 5/7
  1970 | D:3      | Found a large runed translucent door.
  1971 | D:3      | Found a large runed translucent door.
  1974 | D:3      | Noticed melvinkitnick's ghost (amateur OpFE)
  2106 | D:3      | Found a glowing drain.
  2113 | Sewer    | Entered a sewer
  2245 | Sewer    | Noticed a kobold brigand
  2269 | Sewer    | Killed a kobold brigand
  2270 | Sewer    | Gained mutation: A demonic guardian rushes to your aid.
                  | [demonic ancestry]
  2270 | Sewer    | Reached XP level 5. HP: 12/41 MP: 3/8
  2665 | D:3      | Reached skill level 5 in Unarmed Combat
  2805 | D:3      | Found a runed translucent door.
  2806 | D:3      | Noticed Crazy Yiuf
  2914 | D:3      | Reached XP level 6. HP: 24/47 MP: 6/9
  2961 | D:3      | Noticed a hornet
  3053 | D:3      | Paralysed by a hornet for 2 turns
  3057 | D:3      | Killed a hornet
  3058 | D:3      | Reached skill level 6 in Unarmed Combat
  3060 | D:3      | Killed from afar by a shadow imp

Illustrated notes

Levels and vault maps discovered:
D:1:      dpeg_arrival_tiny_d, layout_rooms, ebering_ecumenical_altar_webs
D:2:      minmay_angry_zag, layout_basic
D:3:      layout_loops_ring, lightli_temple_of_fire, general_overflow_altar,
          lightli_sewer_entry_pipes, ebering_ghost_disaster_area,
          minmay_divided_ellipse, uniq_crazy_yiuf_cottage

Skill      XL: |  1  2  3  4  5  6 |
---------------+-------------------+-----
Unarmed Combat | 3 4 5 6 |  6.1
Fighting       | 2 3 4 |  4.1
Dodging        | |  1.7
Spellcasting   | |  2.0
Transmutations | |  1.7

Action                   |  1- 3 |  4- 6 || total
-------------------------+-------+-------++-------
Melee: Unarmed           |   143 |   141 ||   284
       Kick              |    23 |     9 ||    32
       Headbutt          |    15 |     4 ||    19
       Punch             |     3 |     1 ||     4
 Cast: Beastly Appendage |    15 |    15 ||    30
       Spider Form       |       |     6 ||     6
  Use: Scroll            |       |     2 ||     2
       Potion            |       |     3 ||     3
 Stab: Sleeping          |       |     5 ||     5
Armor: Robe              |    25 |    10 ||    35
       Skin              |       |     3 ||     3
Dodge: Dodged            |    85 |   103 ||   188

Table legend: (Time is in decaauts)
 A = Elapsed time spent in this place.
 B = Non-inter-level travel time spent in this place.
 C = Inter-level travel time spent in this place.
 D = Time resting spent in this place.
 E = Time spent auto-exploring this place.
 F = Levels seen in this place.
 G = Mean time per level.
                   A        B        C        D        E       F      G
               +--------+--------+--------+--------+--------+-----+--------+
         Total |   3104 |   3001 |    103 |    599 |   1663 |   4 |  776.0 |
       Dungeon |   2647 |   2544 |    103 |    409 |   1481 |   3 |  882.3 |
         Sewer |    456 |    456 |      0 |    190 |    182 |   1 |  456.0 |
               +--------+--------+--------+--------+--------+-----+--------+

Top non-repeatable levels by time:
     D:2: 1011 daAuts
     D:1: 861 daAuts
     D:3: 775 daAuts
   Sewer: 456 daAuts
